 Dungeon Crawl Stone Soup version 0.22-a0-348-gd16d1391c7 (webtiles) character file.

230 Kriby the Ruffian (level 5, -5/53 HPs)
             Began as a Troll Monk on Apr 10, 2018.
             Killed by Freeze
             ... invoked by dcsswall's ghost
              (11 damage)
             ... on level 4 of the Dungeon.
             The game lasted 00:01:47 (2642 turns).

Kriby the Ruffian (Troll Monk)                      Turns: 2642, Time: 00:01:48

Health: -5/53      AC:  6    Str: 25    XL:     5   Next: 72%
Magic:  4/4        EV: 11    Int:  6    God:
Gold:   148        SH:  0    Dex: 12    Spells: 4/4 levels left

rFire    . . .     SeeInvis .     - Unarmed
rCold    . . .     Gourm    +   (no shield)
rNeg     . . .     Faith    .   a - +0 robe
rPois    .         Spirit   .   (helmet restricted)
rElec    .         Reflect  .   q - +0 cloak
rCorr    .         Harm     .   (gloves unavailable)
MR       .....                  (boots unavailable)
Stlth    ++........             c - amulet of magic regeneration
HPRegen  0.57/turn              (no ring)
MPRegen  0.34/turn              (no ring)

@: mighty, lethally poisoned (-5 -> -6)
A: large, unfitting armour, claws 3, fast metabolism 3, gourmand, regeneration
1, shaggy fur 1, tough skin 2
a: no special abilities


You were on level 4 of the Dungeon.
You were full.

You visited 1 branch of the dungeon, and saw 4 of its levels.

You collected 148 gold pieces.

Inventory:

Armour
 a - a +0 robe (worn)
 q - a +0 cloak (worn)
Jewellery
 c - an amulet of magic regeneration (around neck)
 m - an uncursed ring of wizardry {unknown}
Scrolls
 e - 8 scrolls of identify {unknown}
 g - a scroll of blinking {unknown}
 h - 3 scrolls of teleportation {unknown}
 i - a scroll of remove curse {unknown}
 j - a scroll of fear {unknown}
 o - a scroll of magic mapping {unknown}
Potions
 d - 2 potions of haste {unknown}
 k - 2 potions of degeneration {unknown}
 l - a potion of ambrosia {unknown}
 n - a potion of mutation {unknown}
 p - a potion of lignification {unknown}
Comestibles
 b - 5 rations


   Skills:
 + Level 3.4 Fighting
 + Level 3.4 Dodging
 - Level 1.0 Stealth
 * Level 4.9 Unarmed Combat


You had 4 spell levels left.
You didn't know any spells.

Dungeon Overview and Level Annotations

Branches:
Dungeon (4/15)
 Temple: D:4-7

Altars:
Dithmenos
Kikubaaqudgha
Makhleb

Annotations:
D:4 dcsswall's ghost, amateur BaIE


Innate Abilities, Weirdness & Mutations

You are too large for most types of armour.
You have claws for hands.
Your metabolism is lightning-fast.
You like to eat raw meat.
Your natural rate of healing is unusually fast.
You are covered in fur. (AC +1)
You have very tough skin. (AC +2)


Message History

You are frozen.
The worker ant bites you but does no damage.
You barely miss dcsswall's ghost.
Dcsswall's ghost is severely damaged.
The orc barely misses you.
The worker ant bites you but does no damage.
Dcsswall's ghost gestures at you while chanting.
You are frozen.
You completely miss dcsswall's ghost.
Dcsswall's ghost is severely damaged.
You feel sick. The orc misses you. The worker ant completely misses you.
Dcsswall's ghost points at you and mumbles some strange words.
You are frozen.
* * * LOW HITPOINT WARNING * * *
You barely miss dcsswall's ghost.
Dcsswall's ghost is severely damaged.
The worker ant closely misses you. The orc barely misses you.
Dcsswall's ghost gestures at you while chanting.
You are frozen.
You die...

#....... #......#
#....<.# #......# #
#......# ###.
#......#
.....#ao....#
.....#W@....#
........#####
........#
........###########
##...#............#
#....#..........).#
#.## ####.........#
#. #.........#
#.........#


You could see a worker ant, dcsswall's ghost and an orc.

Vanquished Creatures
  A crocodile (D:3)
  A jelly (D:4)
  2 adders
  A gnoll (D:1)
  6 oozes
  An adder zombie (D:4)
  2 dart slugs
  5 leopard geckos
  An orc (D:3)
  8 bats
  3 giant cockroaches
  5 goblins
  3 hobgoblins (D:2)
  3 jackals (D:1)
  A quokka (D:2)
  4 frilled lizards
  8 kobolds
  8 rats
63 creatures vanquished.

Notes
Turn   | Place    | Note
-------+----------+-------------------------------------------
     0 | D:1      | Kriby the Troll Monk began the quest for the Orb.
     0 | D:1      | Reached XP level 1. HP: 22/22 MP: 0/0
    18 | D:1      | Reached XP level 2. HP: 29/29 MP: 1/1
   148 | D:1      | Reached XP level 3. HP: 35/36 MP: 2/2
   871 | D:2      | Found an ancient bone altar of Kikubaaqudgha.
   988 | D:2      | Reached XP level 4. HP: 45/45 MP: 3/3
  1221 | D:2      | Found a burning altar of Makhleb.
  1539 | D:3      | Found a shadowy altar of Dithmenos.
  1552 | D:3      | Noticed a crocodile
  1561 | D:3      | Killed a crocodile
  1561 | D:3      | Reached skill level 4 in Unarmed Combat
  1561 | D:3      | Reached XP level 5. HP: 21/53 MP: 4/4
  2631 | D:4      | Noticed dcsswall's ghost (amateur BaIE)
  2642 | D:4      | Killed from afar by dcsswall's ghost

Vault maps used:
D:1:      minmay_arrival_stone_box
D:2:      kiku_gazebo_pond_becter, nicolae_overflow_hidden_temple
D:3:      minmay_door_path, nicolae_dithmenos_shadow_blocks
D:4:      minmay_temple_entry_hall, first_ration, tgw_kikubaaqudgha

Skill      XL: |  1  2  3  4 |
---------------+-------------+-----
Fighting       | 3 |  3.4
Dodging        | 3 |  3.4
Unarmed Combat | 4 |  4.9
Stealth        | |  1.0

Action                   |  1- 3 |  4- 6 || total
-------------------------+-------+-------++-------
Melee: Unarmed           |    79 |    86 ||   165
       Punch             |     1 |     1 ||     2
  Use: Potion            |       |     1 ||     1
 Stab: Sleeping          |     1 |     1 ||     2
  Eat: Chunk             |    15 |    11 ||    26
Armor: Robe              |    20 |    32 ||    52
Dodge: Dodged            |    39 |    48 ||    87

Table legend:
 A = Spawn XP
 B = Non-spawn XP
 C = Spawn XP percentage of total XP
 D = Spawn monster count
 E = Non-spawn monster count
 F = Spawn count percentage of total count
 G = Total turns spent on level
                    A         B        C        D         E        F      G
               +---------+---------+-------+---------+---------+-------+---------
         Total |       0 |     329 |   0.0 |       0 |      63 |   0.0 |  2642
               +---------+---------+-------+---------+---------+-------+---------
           D:1 |       0 |      69 |   0.0 |       0 |      23 |   0.0 |   841
           D:2 |       0 |      38 |   0.0 |       0 |      14 |   0.0 |   510
           D:3 |       0 |     170 |   0.0 |       0 |      22 |   0.0 |  1065
           D:4 |       0 |      52 |   0.0 |       0 |       4 |   0.0 |   226
               +---------+---------+-------+---------+---------+-------+---------
